 Dungeon Sprint DCSS version 0.27-a0-1139-g28e009f8a6 (webtiles) character file.

Game seed: 10112985913696935430

191 Zeld the Changer (level 5, 0/40 (42) HPs)
             Began as an Octopode Transmuter on May 7, 2021.
             Was a Believer of Sif Muna.
             Slain by a necrophage (2 damage)
             ... in the Dungeon (Sprint V: "Ziggurat Sprint").
             The game lasted 00:01:49 (1122 turns).

Zeld the Changer (Octopode Transmuter)              Turns: 1122, Time: 00:01:50

HP:   0/40 (42)     AC:  7    Str: 23    XL:     5   Next: 70%
MP:   10/12         EV: 12    Int: 27    God:    Sif Muna [**....]
Gold: 0             SH:  0    Dex: 24    Spells: 4/14 levels left

rFire    x . .     SeeInvis .     - Unarmed
rCold    + + +     Faith    .   (shield currently unavailable)
rNeg     . . .     Spirit   .   (helmet currently unavailable)
rPois    +         Reflect  .   (no amulet)
rElec    .         Harm     .   l - +6 ring of dexterity
rCorr    .         Rampage  .   k - +6 ring of dexterity
Will     .....     NoTele   +   m - +6 ring of intelligence
Stlth    ++........             o - +6 ring of strength
HPRegen  0.13/turn              p - +6 ring of strength
MPRegen  0.13/turn              n - +6 ring of intelligence
                                (no ring)
                                (no ring)

@: ice-form, lightly drained
A: freezing attack, boosted hp, almost no armour, amphibious, 8 rings, large,
(camouflage 1), (gelatinous body 1), (nimble swimmer 1), (tentacles)
a: End Transformation, Renounce Religion, Channel Magic


You were in the Dungeon.
You worshipped Sif Muna.
Sif Muna was pleased with you.
You were a creature of crystalline ice.
You visited 1 branch

Inventory:

Jewellery
 k - a +6 ring of dexterity (right front paw)
 l - a +6 ring of dexterity (left front paw)
 m - a +6 ring of intelligence (on tentacle)
 n - a +6 ring of intelligence (on tentacle)
 o - a +6 ring of strength (on tentacle)
 p - a +6 ring of strength (on tentacle)
Wands
 a - a wand of mindburst (7)
 h - a wand of iceblast (7)
 i - a wand of acid (7)
Scrolls
 g - 4 scrolls of blinking
 q - 4 scrolls of amnesia
 r - 7 scrolls of fog
 s - a scroll of holy word
 t - 5 scrolls of identify
 u - 2 scrolls of fear
Potions
 b - 10 potions of curing
 c - 10 potions of heal wounds
 d - 6 potions of haste
 e - 7 potions of magic
 f - 3 potions of berserk rage
 v - 2 potions of brilliance
 w - 2 potions of invisibility
 x - 4 potions of resistance
 A - 5 potions of might
Miscellaneous
 y - a lightning rod (4/4)


   Skills:
 - Level 2.7 Fighting
 - Level 3.3 Dodging
 - Level 3.0 Unarmed Combat
 - Level 5.0 Spellcasting
 - Level 7.6 Transmutations
 + Level 3.9 Ice Magic
 + Level 4.7 Poison Magic
 - Level 4.0 Invocations


You had 4 spell levels left.
You knew the following spells:

 Your Spells              Type           Power      Damage    Failure   Level
a - Beastly Appendage     Tmut           96%        N/A       1%          1
b - Wereblood             Tmut           48%        N/A       1%          2
c - Spider Form           Tmut/Pois      20%        N/A       1%          3
d - Ice Form              Ice/Tmut       37%        N/A       7%          4

Your spell library contained the following spells:

 Spells                   Type           Power      Damage    Failure   Level
 Mephitic Cloud           Conj/Pois/Air  15%        N/A       11%         3
 Hydra Form               Tmut           24%        N/A       9%          5
 Alistair's Intoxication  Tmut/Pois      26%        N/A       16%         5
 Eringya's Noxious Bog    Tmut/Pois      20%        N/A       65%         6
 Shadow Creatures         Summ           N/A        N/A       100%        6


Dungeon Overview and Level Annotations

Branches:
Dungeon (1/1)

Altars:
Ashenzari
Cheibriados
Dithmenos
Elyvilon
Fedhas
Gozag
Hepliaklqana
Kikubaaqudgha
Makhleb
Nemelex Xobeh
Okawaru
Qazlal
Ru
Sif Muna
Trog
Uskayaw
Vehumet
Wu Jian
Xom
Yredelemnul
Zin
The Shining One
Beogh
Jiyva
Lugonu

Annotations:
D 1 transporter


Innate Abilities, Weirdness & Mutations

You are a creature of crystalline ice.
You have a powerful freezing melee attack.
Your maximum health is increased.
Your armour is entirely melded.
You are incapable of wielding weapons or throwing items.
You cannot wear most types of armour.
You are amphibious.
You can wear up to eight rings at the same time.
((Your skin changes colour to match your surroundings (Stealth+).))
((Your rubbery body absorbs attacks. (AC +1, EV +1)))
((You are camouflaged near water. (Stealth+)))
((You have tentacles for arms and can constrict up to eight enemies at once.))


Message History

The phantom misses you. The adder skeleton barely misses you.
The necrophage barely misses you.
Unknown command.
You barely miss the phantom.
The phantom is lightly damaged.
The adder skeleton bites you.
The phantom hits you but does no damage.
The necrophage misses you.
Unknown command.
You completely miss the phantom.
The phantom is lightly damaged.
The adder skeleton bites you but does no damage.
The phantom hits you but does no damage.
The necrophage hits you but does no damage.
Unknown command.
You hit the phantom.
The phantom is moderately damaged.
The adder skeleton bites you. The phantom hits you. The necrophage misses you.
Unknown command.
You hit the phantom.
The phantom is moderately damaged.
The adder skeleton barely misses you. The phantom hits you.
* * * LOW HITPOINT WARNING * * *
The necrophage closely misses you.
Unknown command.
Press: ? - help, v - describe, . - travel
Here: a phantom (moderately damaged)
The floor.
You hit the phantom.
The phantom is moderately damaged.
The adder skeleton bites you but does no damage.
The phantom hits you.
* * * LOW HITPOINT WARNING * * *
Unknown command.
You hit the phantom but do no damage.
The phantom is moderately damaged.
The necrophage hits you.
* * * LOW HITPOINT WARNING * * *
You feel drained.
You die...

▓▓▓▓▓▓▓▓▓▓▓▓▓▓▓▓▓▓▓
▓.8©8.▓.8©8.▓.8©8.▓
▓.)||.▓.))).▓.....▓
▓..|..▓.....▓.[...▓
▓.....▓.....▓..÷÷.▓
▓.WZn.▓.))).▓.....▓
▓..Y..▓.....▓..©..▓
▓..©..▓..©..▓▓▓▓▓▓▓
▓▓▓▓▓▓▓▓▓▓▓▓▓


You could see a phantom, a necrophage and an adder skeleton.

Vanquished Creatures
  A water moccasin (D)
  A phantom (D)
  3 orcs (D)
  A ball python (D)
6 creatures vanquished.

Notes
Turn   | Place    | Note
-------+----------+-------------------------------------------
     0 | D        | Zeld the Octopode Transmuter began the quest for the Orb.
     0 | D        | Reached XP level 1. HP: 13/13 MP: 3/3
     0 | D        | Found a bloodstained altar of Trog.
     0 | D        | Found a shimmering blue altar of Sif Muna.
     0 | D        | Found a sacrificial altar of Ru.
     0 | D        | Found a stormy altar of Qazlal.
     0 | D        | Found an iron altar of Okawaru.
     7 | D        | Found a sparkling altar of Nemelex Xobeh.
     8 | D        | Found the +6 Majin-Bo {vamp, MP+6 Int+6}
     8 | D        | Found the +9 heavy crossbow "Sniper" {vorpal, Acc+∞ SInv}
     8 | D        | Found the +10 dark maul {vorpal}
     8 | D        | Found the +15 Maxwell's patent armour {-Cast -Tele rElec
                  | Will+ rCorr}
     8 | D        | Found the +18 shield of the Gong {rElec rN+ Will+ EV-5}
     8 | D        | Found the +14 obsidian axe {vorpal, Drain Fly SInv}
     8 | D        | Found the +7 great mace "Firestarter" {inner flame, rF++}
     8 | D        | Found the +6 shillelagh "Devastator" {shatter}
     8 | D        | Found the +11 plutonium sword {Contam Stlth-}
     8 | D        | Found the +8 lance "Wyrmbane" {slay drac, rPois rF+ rC+
                  | AC+3}
     8 | D        | Found the +9 sword of Zonguldrok {reap}
     8 | D        | Found the +13 scythe of Curses {drain, Drain}
     8 | D        | Found the +5 sword of Power {vorpal}
     8 | D        | Found the +7 mace of Variability {chain chaos}
     8 | D        | Found the +7 Singing Sword {vorpal, sonic wave}
     8 | D        | Found the +8 storm bow {elec, penet}
     9 | D        | Found a corrupted altar of Lugonu.
     9 | D        | Found an ancient bone altar of Kikubaaqudgha.
     9 | D        | Found a burning altar of Makhleb.
     9 | D        | Found a transporter.
     9 | D        | Found a viscous altar of Jiyva.
     9 | D        | Found a hazy altar of Hepliaklqana.
    13 | D        | Found an opulent altar of Gozag.
    14 | D        | Found a blossoming altar of Fedhas.
    68 | D        | Became a worshipper of Sif Muna the Loreminder
    78 | D        | Reached skill level 6 in Transmutations
    78 | D        | Reached XP level 2. HP: 18/18 MP: 4/7
    82 | D        | Learned a level 2 spell: Wereblood
   208 | D        | Entered arena 2.
   208 | D        | Noticed a water moccasin
   208 | D        | Found a transporter.
   215 | D        | Killed a water moccasin
   216 | D        | Reached skill level 5 in Spellcasting
   216 | D        | Reached skill level 7 in Transmutations
   216 | D        | Reached XP level 3. HP: 8/25 MP: 4/9
   216 | D        | Reached XP level 4. HP: 10/30 MP: 4/11
   231 | D        | Got Sif Muna's Collected Works on Supportive Poisoning
   261 | D        | Learned a level 3 spell: Spider Form
   266 | D        | Learned a level 4 spell: Ice Form
   479 | D        | Entered arena 3.
   479 | D        | Found a transporter.
   480 | D        | Found the +0 staff of Battle
   483 | D        | Reached * piety under Sif Muna
   489 | D        | Reached skill level 1 in Poison Magic
   489 | D        | Reached XP level 5. HP: 35/35 MP: 9/12
  1105 | D        | Entered arena 4.
  1105 | D        | Noticed a necrophage
  1105 | D        | Noticed a phantom
  1105 | D        | Noticed a phantom
  1105 | D        | Found a transporter.
  1114 | D        | Killed a phantom
  1114 | D        | Reached ** piety under Sif Muna
  1122 | D        | HP: 2/42 [necrophage (6)]
  1122 | D        | Slain by a necrophage

Illustrated notes

Levels and vault maps discovered:
D:        sprint_v [room_start, room_1, room_2, room_3, room_4, room_5, room_6,
          room_7, room_8, room_9, room_10, room_11, room_12, room_13, room_14,
          room_15, room_16, room_17, room_18, room_19, room_20, room_21,
          room_22, room_23, room_24, room_25, room_26, room_27]

Skill      XL: |  1  2  3  4  5 |
---------------+----------------+-----
Spellcasting   | 4 5 |  5.0
Transmutations | 6 7 |  7.6
Fighting       | 2 |  2.7
Dodging        | 3 |  3.3
Invocations    | 4 |  4.0
Poison Magic   | 1 4 |  4.7
Ice Magic      | 3 |  3.9
Unarmed Combat | |  3.0

Action                   |  1- 3 |  4- 6 || total
-------------------------+-------+-------++-------
Melee: Unarmed           |     4 |    20 ||    24
       Kick              |     2 |     1 ||     3
       Tentacles         |     2 |       ||     2
       Constrict         |     1 |     1 ||     2
 Cast: Beastly Appendage |     1 |       ||     1
       Wereblood         |     1 |       ||     1
       Spider Form       |       |     1 ||     1
       Ice Form          |       |     1 ||     1
  Use: Potion            |     1 |       ||     1
Armor: Skin              |       |    10 ||    10
Dodge: Dodged            |     7 |    23 ||    30

Table legend: (Time is in decaauts)
 A = Elapsed time spent in this place.
 B = Non-inter-level travel time spent in this place.
 C = Inter-level travel time spent in this place.
 D = Time resting spent in this place.
 E = Time spent auto-exploring this place.
 F = Levels seen in this place.
 G = Mean time per level.
                   A        B        C        D        E       F      G
               +--------+--------+--------+--------+--------+-----+--------+
         Total |   1118 |   1104 |     14 |    980 |     24 |   1 | 1118.0 |
       Dungeon |   1118 |   1104 |     14 |    980 |     24 |   1 | 1118.0 |
               +--------+--------+--------+--------+--------+-----+--------+

Top non-repeatable levels by time:
       D: 1118 daAuts
